 Dungeon Crawl Stone Soup version 0.17.0-73-gb648821 (webtiles) character file.

893 Iamburgie the Fighter (level 7, 0/68 HPs)
             Began as a Minotaur Fighter on Dec 10, 2015.
             Slain by a giant cockroach zombie (1 damage)
             ... on level 5 of the Dungeon.
             The game lasted 00:07:16 (3188 turns).

Iamburgie the Fighter (Minotaur Fighter)            Turns: 3188, Time: 00:07:16

Health: 0/68       AC:  8    Str: 21    XL:     7   Next: 78%
Magic:  6/6        EV:  7    Int:  5    God:
Gold:   108        SH:  9    Dex: 11    Spells: 0 memorised, 6 levels left

rFire  . . .     SeeInvis .     a - +1 war axe
rCold  . . .     Clarity  .     b - +0 scale mail
rNeg   . . .     SustAt   .     c - +0 shield
rPois  .         Gourm    .     (helmet restricted)
rElec  .         Spirit   .     p - +0 cloak
rCorr  .         Warding  .     (no gloves)
rMut   .         Stasis   .     (no boots)
MR     .....                    (no amulet)
Stlth  ..........               (no ring)
                                (no ring)

@: drained, not resistant to hostile enchantments, extremely unstealthy
A: retaliatory headbutt, horns 2
a: no special abilities


You were on level 5 of the Dungeon.
You were not hungry.

You visited 1 branch of the dungeon, and saw 5 of its levels.

You collected 108 gold pieces.

Inventory:

Hand Weapons
 a - a +1 war axe (weapon)
Armour
 b - a +0 scale mail (worn)
 c - a +0 shield (worn)
 p - a +0 cloak (worn)
Wands
 k - a wand of frost (48)
Scrolls
 g - a scroll of remove curse
 n - a scroll of identify
 t - a scroll of amnesia
Potions
 d - a potion of poison
 f - a potion of heal wounds {unknown}
 h - a potion of mutation {unknown}
 i - a potion of ambrosia {unknown}
 l - a potion of haste {unknown}
 m - a potion of flight {unknown}
 r - 2 potions of agility
 w - a potion of curing
Books
 x - a book of Necromancy

   Spells                             Type                      Level
   a - Pain                           Necromancy                   1
   b - Animate Skeleton               Necromancy                   1
   c - Vampiric Draining              Necromancy                   3
   d - Regeneration                   Charms/Necromancy            3
   e - Animate Dead                   Necromancy                   4
   f - Control Undead                 Necromancy                   4
Comestibles
 e - 3 bread rations
 j - 7 chunks of flesh
 o - 3 meat rations


   Skills:
 + Level 8.2(7.9) Fighting
 + Level 8.0(7.7) Axes
 - Level 3.6(3.3) Armour
 - Level 3.6(3.3) Shields


You had 6 spell levels left.
You didn't know any spells.

Dungeon Overview and Level Annotations

Branches:
Dungeon (5/15)
 Temple: D:4-7

Altars:
Yredelemnul
Zin


Innate Abilities, Weirdness & Mutations

You reflexively headbutt those who attack you in melee.
You have a pair of horns on your head.


Message History

You destroy the wight!
You block the wight's attack.
You slash the wight!
You destroy the wight!
Your base Axes skill increases to level 8!
You hit the wight.
The wight is lightly damaged.
You block the wight's attack.
You slash the orc!
You kill the orc!
You completely miss the wight.
The wight is lightly damaged.
The wight hits you but does no damage.
You hit the giant cockroach zombie. You hit the wight but do no damage.
The wight is lightly damaged.
The giant cockroach zombie bites you but does no damage.
The wight hits you with an enchanted dagger.
* * * LOW HITPOINT WARNING * * *
The giant cockroach zombie bites you.
You die...

.# ..# ...#
#######+###...#
#..............
#.........#
#......z..# ##
#####'##z#.#....
#......#@Zh.....
#......#.#.#....
#))###.###.#.#.#
#.)#..... # # #
#[...#.###
##.#.#.. #.#####
#.. ####


You could see a hound, 2 wights and a giant cockroach zombie.

Vanquished Creatures
  The ghost of Rex the Shield-Bearer, an amateur MiFi (D:3)
  2 scorpions (D:4)
  3 wights (D:5)
  A hound (D:4)
  4 orc wizards
  2 orc priests
  A centaur skeleton (D:4)
  Jessica (D:2)
  An iguana (D:4)
  3 worker ants
  A giant frog skeleton (D:4)
  Robin (D:2)
  4 adders
  An ooze (D:3)
  2 worms
  9 orcs
  A bat (D:1)
  4 giant cockroaches
  20 goblins
  7 hobgoblins
  6 jackals
  4 quokkas
  2 ball pythons
  7 giant geckos
  4 giant newts
  11 kobolds
  11 rats
  A spectral orc (D:4)
115 creatures vanquished.

Notes
Turn   | Place    | Note
--------------------------------------------------------------
     0 | D:1      | Iamburgie the Minotaur Fighter began the quest for the Orb.
     0 | D:1      | Reached XP level 1. HP: 19/19 MP: 0/0
   215 | D:1      | Reached XP level 2. HP: 24/27 MP: 1/1
   313 | D:1      | Reached skill level 4 in Fighting
   869 | D:2      | Noticed Jessica
   875 | D:2      | Killed Jessica
   875 | D:2      | Reached XP level 3. HP: 32/34 MP: 2/2
   940 | D:2      | Reached XP level 4. HP: 32/41 MP: 3/3
  1170 | D:2      | Noticed Robin
  1190 | D:2      | Killed Robin
  1431 | D:2      | Reached skill level 5 in Fighting
  1691 | D:3      | Noticed Rex's ghost (amateur MiFi)
  1782 | D:3      | Killed Rex's ghost
  1782 | D:3      | Reached skill level 6 in Fighting
  1782 | D:3      | Reached skill level 5 in Axes
  1782 | D:3      | Reached XP level 5. HP: 14/50 MP: 4/4
  1960 | D:3      | Reached XP level 6. HP: 47/57 MP: 5/5
  2584 | D:4      | Reached skill level 7 in Fighting
  2621 | D:4      | Reached XP level 7. HP: 30/66 MP: 6/6
  2970 | D:4      | Found a glowing silver altar of Zin.
  3062 | D:4      | Found a basalt altar of Yredelemnul.
  3139 | D:5      | Entered Level 5 of the Dungeon
  3180 | D:5      | HP: 3/67 [wight/trident (8)]
  3181 | D:5      | Reached skill level 8 in Fighting
  3181 | D:5      | HP: 1/68 [wight/dagger (2)]
  3188 | D:5      | HP: 1/68 [wight/enchanted dagger (2)]
  3188 | D:5      | Slain by a giant cockroach zombie

Action                   |  1- 3 |  4- 6 |  7- 9 || total
-------------------------+-------+-------+-------++-------
Melee: War axe           |    61 |   149 |    65 ||   275
  Use: Potion            |       |     1 |       ||     1
       Scroll            |       |    13 |       ||    13
  Eat: Chunk             |       |     6 |     2 ||     8
